 Dungeon Crawl Stone Soup version 0.17.0-27-g4a3f43e (webtiles) character file.

94182 schauveau the Severer (level 16, -3/162 HPs)
             Began as a Gargoyle Berserker on Nov 21, 2015.
             Was the Champion of Trog.
             Slain by a naga warrior
             ... wielding a +0 glaive
              (11 damage)
             ... on level 3 of the Snake Pit.
             The game lasted 01:23:51 (24505 turns).

schauveau the Severer (Gargoyle Berserker)         Turns: 24505, Time: 01:23:53

Health: -3/162     AC: 46    Str: 40    XL:     16   Next: 10%
Magic:  0/16       EV:  8    Int:  9    God:    Trog [******]
Gold:   2456       SH:  0    Dex:  5    Spells: 0 memorised, 15 levels left

rFire  + . .     SeeInvis .     a - +4 battleaxe (elec)
rCold  + . .     Clarity  +     D - +0 gold dragon armour
rNeg   + . .     SustAt   .     (shield currently unavailable)
rPois  ∞         Gourm    +     j - +2 hat {Spirit}
rElec  +         Spirit   +     I - +2 cloak
rCorr  +         Warding  .     u - +2 pair of gloves of Twilight {rCorr Str+3 Dex-4}
rMut   .         Stasis   .     P - +2 pair of boots
MR     +....                    M - amulet of the gourmand
Stlth  ..........               e - +5 ring of strength
                                y - +2 ring of protection

@: berserking, very quick, somewhat resistant to hostile enchantments, extremely
unstealthy
A: big wings, talons 1, clarity, deterioration 1, negative energy resistance 1,
electricity resistance, unbreathing, petrification resistance, rot immunity, AC
+11
a: Fly, Berserk, Trog's Hand, Brothers in Arms, Burn Spellbooks, Renounce
Religion


You were on level 3 of the Snake Pit.
You worshipped Trog.
Trog was exalted by your worship.
You were full.

You visited 5 branches of the dungeon, and saw 28 of its levels.
You also visited: Labyrinth and Bailey.

You collected 3189 gold pieces.
You spent 733 gold pieces at shops.

Inventory:

Hand Weapons
 a - a +4 battleaxe of electrocution (weapon)
 f - a +6 battleaxe of chopping
 s - a +3 broad axe of electrocution
 N - the +6 trident of Boweq {pierce, rF++ rC+ rN+ Dex-4}
   (You found it on level 6 of the Dungeon)

   It inflicts extra damage upon your enemies.
   It affects your dexterity (-4).
   It greatly protects you from fire.
   It protects you from cold.
   It protects you from negative energy.
 O - a +1 executioner's axe of flaming
Missiles
 J - 36 tomahawks (quivered)
Armour
 j - a +2 hat of spirit shield (worn)
 u - the +2 pair of gloves of Twilight (worn) {rCorr Str+3 Dex-4}
   (You bought it in a shop on level 4 of the Orcish Mines)

   It affects your strength (+3).
   It affects your dexterity (-4).
   It protects you from acid and corrosion.
 D - a +0 gold dragon armour (worn)
 I - a +2 cloak (worn)
 P - a +2 pair of boots (worn)
Jewellery
 e - a +5 ring of strength (right hand)
 p - an uncursed amulet of warding
 y - a +2 ring of protection (left hand)
 E - an uncursed ring of stealth
 M - an amulet of the gourmand (around neck)
Wands
 h - a wand of lightning (6)
 v - a wand of flame (28)
 G - a wand of fireball (7)
 L - a wand of teleportation (9)
 Q - a wand of paralysis (15)
 V - a wand of digging (13)
 X - a wand of disintegration (4)
Scrolls
 b - 13 scrolls of remove curse
 c - 2 scrolls of magic mapping
 l - 12 scrolls of teleportation
 r - 2 scrolls of identify
 K - 2 scrolls of fear
 W - a scroll of blinking
Potions
 i - 3 potions of cancellation
 m - 2 potions of flight
 x - 6 potions of might
 A - 6 potions of curing
 B - 3 potions of magic
 C - 4 potions of haste
Comestibles
 d - 2 slices of pizza
 g - a meat ration
 k - a bread ration
 o - 25 beef jerkies


   Skills:
 + Level 15.5 Fighting
 * Level 17.5 Axes
 + Level 15.0 Armour
 - Level 1.5 Dodging


You had 15 spell levels left.
You didn't know any spells.

Dungeon Overview and Level Annotations

Branches:
Dungeon (12/15)            Temple (1/1) D:5            Lair (8/8) D:9
  Swamp (0/4) Lair:5        Snake (3/4) Lair:4        Slime (0/6) Lair:8
    Orc (4/4) D:11            Elf (0/3) Orc:4

Altars:
Ashenzari
Cheibriados
Dithmenos
Elyvilon
Fedhas
Gozag
Kikubaaqudgha
Makhleb
Nemelex Xobeh
Okawaru
Qazlal
Ru
Sif Muna
Trog
Vehumet
Xom
Yredelemnul
Zin
The Shining One
Beogh
Jiyva

Shops:
Orc:1 %   Orc:4 :(*[


Innate Abilities, Weirdness & Mutations

You are resistant to torment.
Your stone body is resilient (AC +11).
You are immune to poison.
Your large and strong wings let you fly indefinitely.
You resist negative energy.
You are resistant to electric shocks.
You can survive without breathing.
You are immune to petrification.
You are immune to rotting.
You have sharp toenails.
You possess an exceptional clarity of mind.
Your body sometimes deteriorates upon taking damage.


Message History

The anaconda constricts you.
You slice the anaconda!!
You kill the anaconda!
Trog accepts your kill.
You slice the anaconda!!
There is a sudden explosion of sparks!
You feel the power of Trog in you as your rage grows.
You kill the anaconda!
Trog accepts your kill.
You slice the naga!!
There is a sudden explosion of sparks!
You kill the naga!
Trog accepts your kill.
You slice the mana viper!!
The mana viper is severely wounded.
The mana viper bites you but does no damage.
The naga sharpshooter gestures wildly while chanting.
The naga sharpshooter magically shoots a bolt.
The bolt hits you!
* * * LOW HITPOINT WARNING * * *
The naga warrior hits you from afar with a glaive!
You die...

.# ... .......
.##.. .......
#.... ....... .
#....#.$.....
..#............
#..............
#.....S))N....#
.[...N†@†N.....
#....N)).N.....
.........N.....
........#......
...##..N##.....
## ##... .....
.... .... ...#
....


You could see 3 naga warriors, a naga sharpshooter, a salamander, a mana viper
and 2 nagas.

Vanquished Creatures
  Gastronok (D:9)
  An orc warlord (Orc:4)
  The ghost of blami the Protected, a journeyman DDAr of Elyvilon (Orc:2)
  The ghost of Tomek12 the Protected, a journeyman DsFi of Okawaru (Lair:5)
  The ghost of schauveau the Cleaver, a journeyman GrBe of Trog (Lair:3)
  Snorg (Orc:1)
  A fire dragon (Lair:8)
  A minotaur (Lab)
  4 naga warriors (Snake:1)
  8 anacondas
  A hydra (Lair:8)
  5 death yaks (Lair:8)
  3 orc high priests (Orc:4)
  A shock serpent (Snake:3)
  2 naga sharpshooters (Snake:1)
  A hill giant (D:10)
  4 naga ritualists
  Pikel (D:6)
  6 orc knights
  A griffon (Lair:6)
  2 ugly things (D:11)
  A salamander (Snake:1)
  7 mana vipers
  4 orc sorcerers (Orc:4)
  20 black mambas
  10 elephants
  A cyclops (D:8)
  3 naga magi
  2 guardian serpents (Snake:1)
  7 spiny frogs
  15 komodo dragons
  A centaur skeleton (D:9)
  A kobold demonologist (D:10)
  2 fire drakes (Lair:8)
  A two-headed ogre (D:8)
  A raiju (Lair:8)
  8 polar bears (Lair:8)
  Grinder (D:6)
  14 blink frogs
  The ghost of HaroldButt the Poker, an amateur DsWn (D:5)
  4 trolls
  2 boulder beetles (Lair:8)
  A trapdoor spider (Lab)
  A wyvern (D:11)
  4 basilisks
  54 yaks
  Eustachio (D:6)
  3 steam dragons
  7 hippogriffs
  Menkaure (D:5)
  19 nagas
  10 wargs
  Edmund (D:5)
  5 swamp worms (Lair:5)
  13 wolves
  2 insubstantial wisps (D:10)
  2 hungry ghosts (Lab)
  5 mottled dragons
  5 hell hounds (Lair:8)
  33 orc warriors
  13 black bears
  13 water moccasins
  12 porcupines
  A wasp (D:7)
  3 ice beasts
  3 slaves (D:6)
  2 swamp drakes (Lair:8)
  4 sky beasts
  10 ogres
  2 phantoms (D:5)
  A centaur (D:4)
  19 crocodiles
  15 giant frogs
  A big kobold (D:11)
  3 scorpions
  5 gnoll sergeants (Bailey)
  8 killer bees
  2 vampire bats (Lair:1)
  5 crimson imps
  2 centaur zombies
  A jelly (D:7)
  2 quasits
  5 electric eels
  3 giant frog zombies
  39 orc wizards
  6 two-headed ogre zombies (Orc:3)
  33 orc priests
  Ijyb (D:2)
  5 gnoll shamans (Bailey)
  20 hounds
  2 giant frog skeletons
  8 worker ants
  7 iguanas
  7 sheep
  2 worker ant zombies
  12 adders
  9 gnolls (Bailey)
  93 river rats
  5 shadow imps
  2 oozes
  2 adder skeletons
  4 worms
  4 giant geckos
  154 orcs
  3 ball pythons
  13 bats
  6 giant cockroaches
  7 hobgoblins
  12 jackals
  4 quokkas
  A giant gecko skeleton (D:8)
  6 giant newts
  21 goblins
  15 kobolds
  2 quokka zombies
  5 rats
  9 fungi
  10 plants
984 creatures vanquished.

Vanquished Creatures (collateral kills)
  An orc knight (Orc:4)
  3 gnoll sergeants (Bailey)
  A gnoll shaman (Bailey)
  A hound zombie (D:7)
  5 gnolls (Bailey)
11 creatures vanquished.

Vanquished Creatures (others)
  A giant frog (D:6)
  A scorpion (D:7)
  A hound (D:6)
  An orc (Orc:3)
  12 fungi
  22 plants
38 creatures vanquished.

Grand Total: 1033 creatures vanquished

Notes
Turn   | Place    | Note
--------------------------------------------------------------
     0 | D:1      | schauveau the Gargoyle Berserker began the quest for the Orb.
     0 | D:1      | Reached XP level 1. HP: 14/14 MP: 1/1
   330 | D:1      | Reached XP level 2. HP: 19/19 MP: 2/2
   417 | D:1      | Found an iron altar of Okawaru.
   599 | D:1      | Reached XP level 3. HP: 21/24 MP: 3/3
   814 | D:1      | Reached ** piety under Trog
  1238 | D:2      | Reached skill level 4 in Fighting
  1284 | D:2      | Noticed Ijyb
  1289 | D:2      | Reached XP level 4. HP: 29/29 MP: 4/4
  1304 | D:2      | Killed Ijyb
  2065 | D:3      | Found a shimmering altar of Xom.
  2413 | D:3      | Reached XP level 5. HP: 34/34 MP: 5/5
  2787 | D:5      | Entered Level 5 of the Dungeon
  2962 | D:4      | Noticed a centaur
  2974 | D:4      | Killed a centaur
  3121 | D:4      | Reached XP level 6. HP: 39/39 MP: 6/6
  3140 | D:4      | Found a radiant altar of Vehumet.
  3181 | D:4      | Reached *** piety under Trog
  3282 | D:4      | Found a shadowy altar of Dithmenos.
  3321 | D:4      | Reached skill level 5 in Axes
  3518 | D:5      | Noticed a phantom
  3558 | D:5      | Killed a phantom
  3558 | D:5      | Reached skill level 5 in Fighting
  3636 | D:5      | Noticed Eustachio
  3682 | D:5      | Noticed Edmund
  3710 | D:5      | Killed Edmund
  3710 | D:5      | Reached XP level 7. HP: 44/44 MP: 7/7
  3725 | D:5      | Noticed a sky beast
  3750 | D:5      | Killed a sky beast
  3764 | D:5      | Noticed HaroldButt's ghost (amateur DsWn)
  3789 | D:5      | Killed HaroldButt's ghost
  3789 | D:5      | Reached skill level 6 in Axes
  3811 | D:5      | Reached XP level 8. HP: 49/51 MP: 6/8
  3858 | D:5      | Reached skill level 5 in Armour
  4182 | D:5      | Found a staircase to the Ecumenical Temple.
  4192 | Temple   | Entered the Ecumenical Temple
  4327 | D:5      | Noticed Menkaure
  4376 | D:6      | Noticed Pikel
  4406 | D:6      | Killed Pikel
  4406 | D:6      | Reached skill level 7 in Axes
  4516 | D:6      | Reached XP level 9. HP: 39/57 MP: 4/9
  4780 | D:6      | Reached skill level 8 in Axes
  4787 | D:6      | Reached **** piety under Trog
  4857 | D:6      | Killed Eustachio
  4933 | D:5      | Killed Menkaure
  5069 | D:6      | Noticed Grinder
  5106 | D:6      | Killed Grinder
  5198 | D:6      | Got a bone trident
  5238 | D:6      | Identified the +6 trident of Boweq {pierce, rF++ rC+ rN+ Dex-4} (You found it on level 6 of the Dungeon)
  5369 | D:6      | Found an opulent altar of Gozag.
  5499 | D:7      | Found an ancient bone altar of Kikubaaqudgha.
  5587 | D:7      | Found a stormy altar of Qazlal.
  5614 | D:7      | Found a flagged portal.
  5622 | Bailey   | Entered a bailey
  5893 | Bailey   | Reached skill level 9 in Axes
  6399 | D:7      | Reached XP level 10. HP: 65/65 MP: 10/10
  7209 | D:7      | Got a shimmering whip
  7210 | D:7      | Identified the +6 whip of the Nexus {flame, Str+3 SInv} (You found it on level 7 of the Dungeon)
  7267 | D:8      | Noticed a cyclops
  7274 | D:8      | Killed a cyclops
  7274 | D:8      | Reached skill level 10 in Axes
  7743 | D:9      | Gained mutation: You have sharp toenails. [potion of beneficial mutation]
  7744 | D:9      | Gained mutation: You possess an exceptional clarity of mind. [potion of beneficial mutation]
  7764 | D:8      | Found a sparkling altar of Nemelex Xobeh.
  7774 | D:8      | Reached ***** piety under Trog
  8237 | D:9      | Reached XP level 11. HP: 72/72 MP: 11/11
  8305 | D:10     | Entered Level 10 of the Dungeon
  8455 | D:9      | Reached skill level 11 in Axes
  8491 | D:9      | Found a staircase to the Lair.
  8511 | D:9      | Reached skill level 10 in Fighting
  8542 | D:9      | Received a gift from Trog
  8577 | D:10     | Got an ichor-stained trident
  8580 | D:10     | Identified the +7 trident of the Brain {pierce, rC+ Str+5 Int+4} (You found it on level 10 of the Dungeon)
  9288 | D:10     | Noticed a hill giant
  9297 | D:10     | Killed a hill giant
  9297 | D:10     | Reached skill level 10 in Armour
  9823 | Lair:1   | Entered Level 1 of the Lair of Beasts
  9914 | Lair:2   | Reached skill level 12 in Axes
 10261 | Lair:1   | Reached XP level 12. HP: 64/79 MP: 9/12
 10571 | Lair:3   | Noticed schauveau's ghost (journeyman GrBe)
 10590 | Lair:3   | Killed schauveau's ghost
 10650 | Lair:3   | Received a gift from Trog
 10664 | Lair:3   | Found a labyrinth entrance.
 10678 | Lab      | Entered a labyrinth
 12056 | Lab      | Noticed a minotaur
 12067 | Lab      | Killed a minotaur
 12069 | Lab      | Got a clouded silver ring
 12100 | Lab      | Identified the ring of Fanaticism {*Contam rElec rPois rF- Stlth-} (You took it off a minotaur in a labyrinth)
 12148 | Lair:3   | Gained mutation: Your body sometimes deteriorates upon taking damage. [mutagenic glow]
 12286 | Lair:3   | Reached skill level 13 in Axes
 13181 | Lair:2   | Identified a +0 rod of shadows (13/13) (You found it on level 7 of the Dungeon)
 13573 | Lair:4   | Received a gift from Trog
 13576 | Lair:4   | Got an ichor-stained battleaxe {god gift}
 13577 | Lair:4   | Identified the +8 battleaxe "Awuh" {chop, Int+6 Dex-2 SInv} (Trog gifted it to you on level 4 of the Lair of Beasts)
 13597 | Lair:4   | Reached XP level 13. HP: 86/86 MP: 13/13
 13663 | Lair:4   | Found a staircase to the Snake Pit.
 14516 | Lair:5   | Noticed Tomek12's ghost (journeyman DsFi)
 14546 | Lair:5   | Killed Tomek12's ghost
 14546 | Lair:5   | Reached skill level 14 in Axes
 14913 | Lair:5   | Identified a scroll of acquirement
 15317 | Lair:5   | Found a staircase to the Swamp.
 15783 | Lair:6   | Received a gift from Trog
 16308 | Lair:8   | Entered Level 8 of the Lair of Beasts
 17139 | Lair:6   | Reached ****** piety under Trog
 17145 | Lair:6   | Received a gift from Trog
 18155 | Lair:8   | Reached skill level 15 in Axes
 18155 | Lair:8   | Gained mutation: Your large and strong wings let you fly indefinitely. [Gargoyle growth]
 18155 | Lair:8   | Reached XP level 14. HP: 82/94 MP: 12/14
 18349 | Lair:8   | Received a gift from Trog
 18452 | Lair:8   | Found a viscous altar of Jiyva.
 18457 | Lair:8   | Found a staircase to the Slime Pits.
 18730 | Lair:8   | Received a gift from Trog
 19744 | D:9      | Noticed Gastronok
 19757 | D:9      | Killed Gastronok
 20148 | D:11     | Found a staircase to the Orcish Mines.
 20155 | Orc:1    | Entered Level 1 of the Orcish Mines
 20155 | Orc:1    | Found Kevann's Food Shoppe.
 20216 | Orc:1    | Received a gift from Trog
 20228 | Orc:1    | Got a dazzling battleaxe {god gift}
 20242 | Orc:1    | Identified the +6 battleaxe of Havoc {chop, Str+6 Int+3} (Trog gifted it to you on level 1 of the Orcish Mines)
 20339 | Orc:2    | Reached skill level 16 in Axes
 20343 | Orc:2    | Noticed blami's ghost (journeyman DDAr)
 20375 | Orc:2    | Killed blami's ghost
 20381 | Orc:1    | Noticed Snorg
 20391 | Orc:1    | Killed Snorg
 21199 | Orc:2    | Received a gift from Trog
 21202 | Orc:2    | Found a roughly hewn altar of Beogh.
 21850 | Orc:3    | Reached XP level 15. HP: 100/100 MP: 15/15
 21885 | Orc:4    | Entered Level 4 of the Orcish Mines
 21890 | Orc:4    | Found a staircase to the Elven Halls.
 22075 | Orc:4    | Received a gift from Trog
 22525 | Orc:4    | Found a burning altar of Makhleb.
 22793 | Orc:4    | Received a gift from Trog
 22964 | Orc:4    | Found Onnie's Antique Armour Emporium.
 22965 | Orc:4    | Found Zattium's Antique Weapon Emporium.
 22968 | Orc:4    | Found Tazxica's General Store.
 22968 | Orc:4    | Found Ciwid's Book Shoppe.
 22976 | Orc:4    | Bought a scroll of identify for 26 gold pieces
 22983 | Orc:4    | Bought a scroll of teleportation for 39 gold pieces
 22983 | Orc:4    | Bought a potion of curing for 39 gold pieces
 23040 | Orc:4    | Bought a pair of ancient gloves for 323 gold pieces
 23050 | Orc:4    | Identified the +2 pair of gloves of Twilight {rCorr Str+3 Dex-4} (You bought it in a shop on level 4 of the Orcish Mines)
 23057 | Orc:4    | Bought a runed cloak for 153 gold pieces
 23058 | Orc:4    | Bought a pair of runed gloves for 153 gold pieces
 23480 | Snake:1  | Entered Level 1 of the Snake Pit
 23623 | Snake:1  | Reached skill level 15 in Fighting
 23761 | Snake:1  | Received a gift from Trog
 23780 | Snake:1  | Reached skill level 17 in Axes
 24309 | Snake:2  | Reached XP level 16. HP: 70/108 MP: 13/16
 24501 | Snake:3  | Reached skill level 15 in Armour
 24505 | Snake:3  | HP: 8/162 [naga sharpshooter/bolt (11)]
 24505 | Snake:3  | Slain by a naga warrior

Action                   |  1- 3 |  4- 6 |  7- 9 | 10-12 | 13-15 | 16-18 || total
-------------------------+-------+-------+-------+-------+-------+-------++-------
Melee: Hand axe          |   122 |   254 |   302 |       |       |       ||   678
       War axe           |       |       |    87 |       |     4 |       ||    91
       Battleaxe         |       |       |    15 |   531 |  1141 |    15 ||  1702
       Trident           |       |       |       |    35 |       |       ||    35
       Executioner's axe |       |       |       |       |     3 |       ||     3
Invok: Berserk           |       |       |     5 |     1 |     1 |     1 ||     8
       Brothers in Arms  |       |       |     2 |       |     1 |       ||     3
       Burn Spellbooks   |       |       |       |     5 |     1 |       ||     6
Evoke: Wand              |       |       |     3 |       |       |       ||     3
  Use: Scroll            |       |       |     9 |    22 |    16 |       ||    47
       Potion            |       |       |     2 |     2 |     3 |       ||     7
 Stab: Distracted        |       |       |     2 |       |       |       ||     2
       Paralysed         |       |       |     1 |       |       |       ||     1
  Eat: Bread ration      |     1 |       |       |       |       |       ||     1
       Chunk             |     1 |     7 |    24 |    26 |    41 |       ||    99
       Beef jerky        |       |     1 |       |       |       |       ||     1
       Fruit             |       |       |     2 |       |     1 |       ||     3
       Meat ration       |       |       |       |     2 |       |       ||     2
       Royal jelly       |       |       |       |     1 |       |       ||     1
